 Dungeon Crawl Stone Soup version 0.20-a0-854-g0cc194a (webtiles) character file.

155318 kal9871 the Earth Mage (level 17, -11/101 HPs)
             Began as an Octopode Earth Elementalist on Mar 10, 2017.
             Was a High Priest of Sif Muna.
             Mangled by a four-headed hydra (17 damage)
             ... on level 4 of the Swamp on Mar 11, 2017.
             The game lasted 02:52:29 (51803 turns).

kal9871 the Earth Mage (OpEE)                      Turns: 51803, Time: 02:52:30

Health: -11/101    AC:  7    Str:  9    XL:     17   Next: 64%
Magic:  50/51      EV: 22    Int: 22    God:    Sif Muna [*****.]
Gold:   2217       SH:  5    Dex: 13    Spells: 3/40 levels left

rFire    + . .     SeeInvis +   Q - staff of earth
rCold    + + .     Gourm    .   J - +0 buckler
rNeg     + . .     Faith    .   (helmet restricted)
rPois    +         Spirit   .   W - amulet "Vicymoamoe" {RegenMP rF+ rC++}
rElec    .         Reflect  .   z - +3 ring of evasion
rCorr    +         Harm     .   I - ring of resist corrosion
MR       +....                  N - ring of magical power
Stlth    ++++++....             v - ring of positive energy
Regen    0.3/turn               a - +2 ring of protection
MPRegen  0.5/turn               d - ring of poison resistance
                                s - ring of magical power
                                y - ring of see invisible

@: about to teleport
A: almost no armour, stealthy swim, amphibious, 8 rings, constrict 8, molten
scales 1, yellow scales 1, camouflage 1, screaming 1, wild magic 1, gelatinous
body 1
a: Divine Energy, Channel Magic, Forget Spell, Renounce Religion


You were on level 4 of the Swamp.
You worshipped Sif Muna.
Sif Muna was extremely pleased with you.
You were very hungry.

You visited 5 branches of the dungeon, and saw 28 of its levels.
You also visited: Labyrinth.

You collected 2876 gold pieces.
You spent 659 gold pieces at shops.

Inventory:

Missiles
 i - 330 stones (quivered)
Armour
 J - a +0 buckler (worn)
Magical Staves
 Q - an uncursed staff of earth (weapon)
Jewellery
 a - a +2 ring of protection (on tentacle)
 d - a ring of poison resistance (on tentacle)
 s - a ring of magical power (on tentacle)
 v - a ring of positive energy (on tentacle)
 y - a ring of see invisible (on tentacle)
 z - a +3 ring of evasion (left tentacle)
 I - a ring of resist corrosion (right tentacle)
 M - an uncursed ring of positive energy
 N - a ring of magical power (on tentacle)
 W - the amulet "Vicymoamoe" (around mantle) {RegenMP rF+ rC++}
   (You took it off a minotaur in a labyrinth)

   [amulet of magic regeneration]

   It increases your magic regeneration.
   It protects you from fire.
   It greatly protects you from cold.
 X - the ring "Vufiemn" {rPois rF+ rN+ Dex-5}
   (You found it in a labyrinth)

   [ring of protection from fire]

   It affects your dexterity (-5).
   It protects you from fire.
   It protects you from poison.
   It protects you from negative energy.
Wands
 b - a wand of random effects (10/48)
 t - a wand of lightning (6/15)
 w - a wand of iceblast (1/15)
 C - a wand of iceblast (7/15)
 V - a wand of iceblast (6/15)
Scrolls
 m - a scroll of enchant weapon
 o - 7 scrolls of magic mapping
 p - 2 scrolls of blinking
 q - a scroll of amnesia
 u - 4 scrolls of silence
 D - 6 scrolls of remove curse
 G - 2 scrolls of fog
 K - 2 scrolls of identify
 P - 2 scrolls of fear
 S - a scroll of teleportation
Potions
 e - 3 potions of agility
 g - 3 potions of mutation
 h - a potion of heal wounds
 j - 7 potions of curing
 k - 7 potions of flight
 A - a potion of ambrosia
 B - a potion of brilliance
 E - 2 potions of magic
 H - 2 potions of haste
 T - a potion of invisibility
 U - 3 potions of resistance
Books
 r - Sif Muna's Reference Book on Displaced Hexes
   (Sif Muna gifted it to you on level 15 of the Dungeon)

   Spells                             Type                      Level
   a - Blink                          Translocation                2
   b - Dazzling Spray                 Conjuration/Hexes            3
   c - Tukima's Dance                 Hexes                        3
   d - Spectral Weapon                Hexes/Charms                 3
   e - Recall                         Summoning/Translocation      3
   f - Metabolic Englaciation         Hexes/Ice                    5
   g - Darkness                       Hexes                        6
 x - Xetudue's Handbook of a Billion Beggars
   (Sif Muna gifted it to you on level 2 of the Swamp)

   Spells                             Type                      Level
   a - Sandblast                      Earth                        1
   b - Passwall                       Transmutation/Earth          2
   c - Static Discharge               Conjuration/Air              3
   d - Petrify                        Transmutation/Earth          4
   e - Conjure Ball Lightning         Conjuration/Air              6
   f - Chain Lightning                Conjuration/Air              8
   g - Shatter                        Earth                        9
 Y - a book of the Earth

   Spells                             Type                      Level
   a - Leda's Liquefaction            Hexes/Earth                  4
   b - Bolt of Magma                  Conjuration/Fire/Earth       5
   c - Statue Form                    Transmutation/Earth          6
   d - Iron Shot                      Conjuration/Earth            6
   e - Shatter                        Earth                        9
Miscellaneous
 l - a fan of gales
Comestibles
 c - 7 bread rations
 f - 4 royal jellies
 n - 8 meat rations


   Skills:
 * Level 4.9 Fighting
   Level 1.0 Short Blades
 - Level 0.2 Throwing
 - Level 10.7 Dodging
 + Level 7.5 Stealth
 - Level 4.8 Shields
 - Level 0.8 Unarmed Combat
 + Level 12.4 Spellcasting
 * Level 9.0 Conjurations
 - Level 5.8 Hexes
 - Level 3.1 Translocations
 + Level 1.2 Transmutations
 - Level 0.2 Fire Magic
 * Level 20.4 Earth Magic
 - Level 6.0 Invocations
 - Level 2.1 Evocations


You had 3 spell levels left.
You knew the following spells:

 Your Spells              Type           Power        Failure   Level  Hunger
a - Sandblast             Erth           ######       1%          1    None
b - Passwall              Tmut/Erth      #######...   1%          2    None
c - Stone Arrow           Conj/Erth      ######       1%          3    None
d - Petrify               Tmut/Erth      #######.     1%          4    None
e - Lee's Rapid Deconstr  Erth           ########..   1%          5    ####...
f - Sticky Flame          Conj/Fire      #####...     14%         4    None
g - Mephitic Cloud        Conj/Pois/Air  ####....     8%          3    None
h - Tukima's Dance        Hex            ######..     2%          3    None
i - Leda's Liquefaction   Hex/Erth       #######...   1%          4    None
j - Iron Shot             Conj/Erth      ########..   3%          6    #####..
k - Blink                 Tloc           N/A          3%          2    None


Dungeon Overview and Level Annotations

Branches:
Dungeon (15/15)            Temple (1/1) D:5            Lair (6/6) D:8
  Swamp (4/4) Lair:3        Snake (0/4) Lair:4        Slime (0/5) Lair:6
    Orc (2/2) D:12            Elf (0/3) Orc:2        Vaults (0/5) D:14
 Depths (0/5) D:15

Altars:
Elyvilon
Fedhas
Gozag
Hepliaklqana
Kikubaaqudgha
Nemelex Xobeh
Qazlal
Ru
Sif Muna
Trog
Uskayaw
Vehumet
Wu Jian
The Shining One
Beogh

Shops:
D:8 *   D:11 (?%:   D:12 =%:   Orc:2 }}(?

Annotations:
D:7 1 runed door


Innate Abilities, Weirdness & Mutations

You cannot wear most types of armour.
You are very stealthy in the water. (Stealth+)
You are amphibious.
You can wear up to eight rings at the same time.
You can use your tentacles to constrict eight enemies at once.
Your skin changes colour to match your surroundings (Stealth+).
Your rubbery body absorbs attacks. (AC +1, EV +1)
You are partially covered in molten scales. (AC +2)
You are partially covered in yellow scales. (AC +2)
You occasionally shout uncontrollably at your foes.
Your spells are a little harder to cast, but a little more powerful.


Message History

You assume a fearsome visage.
The blink frog looks frightened! x2
The swamp worm looks frightened!
The blink frog blinks! x2
A four-headed hydra comes into view.
The blink frog blinks! x3
A swamp dragon comes into view.
The blink frog blinks! x2
As you read the scroll of teleportation, it crumbles to dust.
You feel strangely unstable.
The four-headed hydra roars!
The swamp dragon roars deafeningly!
The blink frog blinks!
The swamp dragon breathes poison at you.
The blast of poison misses you.
You hear a deafening roar!
You hear a roar!
The swamp worm seems to regain its courage.
The blink frog blinks!
A swamp dragon comes into view.
A four-headed hydra comes into view.
The four-headed hydra completely misses you.
The four-headed hydra bites you!
You die...

♣♣♣♣♣♣ .
♣♣§@§.♣♣♣♣♣♣..
♣§D§≈..≈≈≈.≈≈≈
♣§D§§..≈≈≈≈≈≈≈
♣§§≈§..≈≈≈§≈≈≈
♣...§w§≈≈$F..≈.≈≈
≈≈≈..≈≈..≈≈.≈.≈D.≈♣≈
.§<.≈≈≈♣...♣≈.≈≈D≈♣
≈≈....≈≈♣♣♣♣♣♣♣♣≈...
.≈≈...≈≈ ♣.≈≈


You could see 2 four-headed hydras, 2 swamp dragons, a swamp worm and a blink
frog.

Vanquished Creatures
  A thorn hunter (Swamp:4)
  Donald (Swamp:1)
  A minotaur (Lab)
  Josephine (Swamp:1)
  The ghost of Alarkh the Severer, a journeyman DsMo of Okawaru (D:11)
  A fire dragon (Lair:6)
  An ice dragon (D:13)
  A rakshasa (D:15)
  20 hydras
  4 vault guards (D:14)
  A catoblepas (D:15)
  12 two-headed ogres
  3 ogre magi
  9 alligators
  3 death yaks (Lair:6)
  4 centaur warriors
  2 tengu warriors (D:14)
  5 spriggans
  Nergalle (Orc:2)
  4 unseen horrors
  6 swamp dragons
  A glowing orange brain (D:15)
  6 shambling mangroves
  3 spriggan druids
  A wizard (D:12)
  A wolf spider zombie (D:14)
  Pikel (D:5)
  A lindwurm (Lair:6)
  A mana viper (shapeshifter) (D:15)
  An orc knight (D:15)
  22 ugly things
  3 deep elf magi
  8 orc sorcerers (Orc:2)
  6 elephants (Lair:6)
  A manticore (D:8)
  A moth of wrath (shapeshifter) (D:15)
  4 cyclopes
  5 black mambas
  2 torpor snails (Lair:6)
  A black mamba (shapeshifter) (D:14)
  7 centaur skeletons
  24 spiny frogs
  7 rime drakes
  2 gargoyles
  15 komodo dragons
  2 tengu conjurers (D:14)
  An efreet (D:15)
  A guardian mummy (D:14)
  2 polar bears
  3 meliai (D:14)
  7 trolls
  7 tyrant leeches
  Prince Ribbit (Lair:2)
  13 hornets
  6 blink frogs
  12 dream sheep
  A harpy skeleton (D:14)
  8 bog bodies
  31 slime creatures
  6 hippogriffs
  5 wyverns
  A centaur simulacrum (D:15)
  A redback (Lab)
  6 shadows
  71 yaks
  6 wraiths
  6 hungry ghosts
  4 steam dragons
  Eustachio (D:4)
  4 basilisks
  23 vampire mosquitoes
  Edmund (D:5)
  15 swamp worms
  A warg (Orc:2)
  3 insubstantial wisps (Swamp:3)
  6 nagas (Lair:4)
  3 acid dragons
  11 swamp drakes
  14 water moccasins
  11 porcupines
  2 sky beasts
  19 orc warriors
  3 ice beasts
  A slave (D:4)
  2 black bears
  An eye of draining (D:11)
  8 necrophages
  4 phantoms
  17 ogres
  13 wolves
  15 centaurs
  9 crocodiles
  6 big kobolds
  21 bullfrogs
  A wyvern zombie (D:14)
  4 scorpions
  12 killer bees
  A wyvern skeleton (D:8)
  9 wights
  5 howler monkeys
  8 electric eels (Lair:3)
  A quasit (D:6)
  4 centaur zombies
  3 bullfrog zombies
  4 lava snakes (Lab)
  13 jellies
  11 crimson imps
  28 orc wizards
  14 orc priests
  Crazy Yiuf (D:5)
  5 hounds
  Ijyb (D:3)
  A bullfrog skeleton (D:12)
  3 iguanas
  2 hell rats (Lair:6)
  11 worker ants
  A hound zombie (D:9)
  A mummy (D:14)
  Robin (D:2)
  7 gnolls
  9 river rats (Lair:6)
  11 adders
  3 shadow imps
  12 oozes
  3 adder skeletons
  4 worms
  6 leopard geckos
  92 orcs
  3 ball pythons
  8 bats
  5 giant cockroaches
  20 goblins
  16 hobgoblins
  15 jackals
  9 quokkas
  6 frilled lizards
  19 kobolds
  10 rats
  A fungus (Lair:1)
  3 plants
1028 creatures vanquished.

Vanquished Creatures (collateral kills)
  Louise (Swamp:1)
1 creature vanquished.

Vanquished Creatures (others)
  35 fungi
  30 plants
  A withered plant (D:14)
66 creatures vanquished.

Grand Total: 1095 creatures vanquished

Notes
Turn   | Place    | Note
-------+----------+-------------------------------------------
     0 | D:1      | kal9871 the Octopode Earth Elementalist began the quest for the Orb.
     0 | D:1      | Reached XP level 1. HP: 11/11 MP: 3/3
   193 | D:1      | Reached XP level 2. HP: 12/17 MP: 1/5
   848 | D:1      | Reached XP level 3. HP: 15/21 MP: 4/6
  1806 | D:2      | Reached XP level 4. HP: 20/27 MP: 2/7
  1905 | D:2      | Found a faded altar of an unknown god.
  2290 | D:2      | Noticed Robin
  2306 | D:2      | Killed Robin
  2306 | D:2      | Reached skill level 4 in Earth Magic
  2690 | D:2      | Learned a level 2 spell: Passwall
  2694 | D:2      | Learned a level 3 spell: Stone Arrow
  2972 | D:2      | Found a glowing golden altar of the Shining One.
  3005 | D:2      | Reached XP level 5. HP: 31/31 MP: 9/9
  3294 | D:3      | Noticed Ijyb
  4090 | D:3      | Reached XP level 6. HP: 36/36 MP: 10/10
  4117 | D:3      | Learned a level 4 spell: Petrify
  4276 | D:3      | Killed Ijyb
  4315 | D:3      | Reached skill level 5 in Earth Magic
  5891 | D:4      | Reached XP level 7. HP: 41/41 MP: 6/12
  6184 | D:4      | Reached skill level 1 in Short Blades
  6705 | D:4      | Noticed Eustachio
  6762 | D:4      | Killed Eustachio
  6762 | D:4      | Reached skill level 6 in Earth Magic
  6888 | D:5      | Entered Level 5 of the Dungeon
  6888 | D:5      | Noticed Edmund
  6899 | D:4      | HP: 2/41 [orc priest/divine providence (15)]
  7068 | D:5      | Found a blossoming altar of Fedhas.
  7128 | D:5      | Killed Edmund
  7128 | D:5      | Reached XP level 8. HP: 46/46 MP: 10/14
  7165 | D:5      | You fall through a shaft!
  7583 | D:6      | Reached skill level 7 in Earth Magic
  7595 | D:6      | Learned a level 5 spell: Lee's Rapid Deconstruction
  7907 | D:5      | Found a staircase to the Ecumenical Temple.
  7929 | Temple   | Entered the Ecumenical Temple
  7963 | Temple   | Became a worshipper of Sif Muna the Loreminder
  8121 | D:5      | Noticed Pikel
  8128 | D:5      | Killed Pikel
  8128 | D:5      | Reached skill level 5 in Spellcasting
  8128 | D:5      | Reached skill level 8 in Earth Magic
  8128 | D:5      | Reached skill level 1 in Evocations
  8198 | D:5      | Found a runed door.
  8202 | D:5      | Noticed Crazy Yiuf
  8206 | D:5      | Killed Crazy Yiuf
  8399 | D:6      | Reached skill level 5 in Stealth
  8399 | D:6      | Reached XP level 9. HP: 38/51 MP: 13/17
  8471 | D:6      | Reached * piety under Sif Muna
  8619 | D:6      | Reached skill level 1 in Conjurations
  8999 | D:6      | Gained mutation: Your system is resistant to poisons. (rPois) [potion of mutation]
  8999 | D:6      | Gained mutation: You tend to lose your temper in combat. [potion of mutation]
  8999 | D:6      | Gained mutation: You are dopey. (Int -2) [potion of mutation]
  8999 | D:6      | Gained mutation: You are resistant to hostile enchantments. (MR+) [potion of mutation]
  9000 | D:6      | Lost mutation: You are resistant to hostile enchantments. (MR+) [potion of mutation]
  9000 | D:6      | Lost mutation: You are dopey. (Int -2) [potion of mutation]
  9000 | D:6      | Lost mutation: Your system is resistant to poisons. (rPois) [potion of mutation]
  9000 | D:6      | Lost mutation: You tend to lose your temper in combat. [potion of mutation]
  9000 | D:6      | Gained mutation: Your spells are a little harder to cast, but a little more powerful. [potion of mutation]
  9000 | D:6      | Gained mutation: You are partially covered in yellow scales. (AC +2) [potion of mutation]
  9000 | D:6      | Gained mutation: You occasionally shout uncontrollably at your foes. [potion of mutation]
  9000 | D:6      | Gained mutation: You are partially covered in molten scales. (AC +2) [potion of mutation]
  9047 | D:7      | Found a runed door.
  9047 | D:7      | Noticed a sixfirhy
  9192 | D:7      | Found a bloodstained altar of Trog.
  9262 | D:7      | You fall through a shaft for 2 floors!
  9567 | D:8      | Noticed a manticore
  9572 | D:8      | Killed a manticore
  9572 | D:8      | Reached skill level 9 in Earth Magic
  9670 | D:8      | Noticed a centaur warrior
  9678 | D:8      | Killed a centaur warrior
  9678 | D:8      | Reached ** piety under Sif Muna
  9678 | D:8      | Reached skill level 5 in Dodging
  9860 | D:8      | Reached XP level 10. HP: 54/56 MP: 15/20
 10053 | D:8      | Learned a level 4 spell: Sticky Flame
 10273 | D:8      | Reached skill level 10 in Earth Magic
 10492 | D:8      | Noticed a three-headed hydra
 10674 | D:8      | Killed a three-headed hydra
 10970 | D:8      | Found a staircase to the Lair.
 11057 | D:8      | Found a hide-covered altar of Uskayaw.
 11223 | D:8      | Found Zedameud's General Store.
 11231 | D:8      | Bought a scroll of enchant armour for 75 gold pieces
 11231 | D:8      | Bought a scroll of fog for 20 gold pieces
 11231 | D:8      | Bought a scroll of identify for 20 gold pieces
 11823 | D:9      | Found an opulent altar of Gozag.
 11824 | D:9      | Found a stormy altar of Qazlal.
 11990 | D:9      | Reached *** piety under Sif Muna
 12305 | D:9      | Reached skill level 11 in Earth Magic
 12328 | D:9      | Learned a level 3 spell: Mephitic Cloud
 12456 | D:8      | Reached skill level 1 in Shields
 12670 | D:9      | Found a hazy altar of Hepliaklqana.
 12713 | D:10     | Entered Level 10 of the Dungeon
 12835 | D:10     | Reached XP level 11. HP: 61/61 MP: 21/23
 13094 | D:10     | Found an opulent altar of Gozag.
 13392 | D:10     | Noticed a brown ugly thing
 13396 | D:10     | Killed a brown ugly thing
 13626 | D:10     | Noticed a green ugly thing
 13630 | D:10     | Killed a green ugly thing
 14171 | D:10     | Reached **** piety under Sif Muna
 14469 | D:11     | Found Iloaveatt's Weapon Emporium.
 14864 | D:11     | Noticed Alarkh's ghost (journeyman DsMo)
 14976 | D:11     | Found Ischanon's Book Shop.
 15002 | D:11     | Reached skill level 12 in Earth Magic
 15153 | D:11     | Found Mudo Ekh's Magic Scroll Shoppe.
 15170 | D:11     | Reached skill level 5 in Conjurations
 15332 | D:11     | Bought a scroll of teleportation for 45 gold pieces
 15332 | D:11     | Bought a scroll of teleportation for 45 gold pieces
 15332 | D:11     | Bought a scroll of blinking for 112 gold pieces
 15347 | D:11     | Noticed a two-headed ogre
 15351 | D:11     | Killed a two-headed ogre
 15351 | D:11     | Reached XP level 12. HP: 66/66 MP: 7/25
 15819 | D:11     | Reached ***** piety under Sif Muna
 17047 | D:12     | Found Faagy's Book Shoppe.
 17079 | D:12     | Found a labyrinth entrance.
 17079 | D:12     | Noticed a six-headed hydra
 17086 | D:12     | Killed a six-headed hydra
 17098 | Lab      | Entered a labyrinth
 17424 | Lab      | Noticed a minotaur
 17432 | Lab      | Killed a minotaur
 17438 | Lab      | Got a scorched ivory amulet
 17443 | Lab      | Identified the amulet "Vicymoamoe" {RegenMP rF+ rC++} (You took it off a minotaur in a labyrinth)
 17448 | Lab      | Got a transparent jade ring
 17459 | Lab      | Identified the ring "Vufiemn" {rPois rF+ rN+ Dex-5} (You found it in a labyrinth)
 17761 | D:12     | Reached skill level 13 in Earth Magic
 17992 | D:12     | Found Erruf's Jewellery Emporium.
 18379 | D:12     | Identified Duezi's Disquisition on Supportive Moulding (Sif Muna gifted it to you on level 12 of the Dungeon)
 18379 | D:12     | Received a gift from Sif Muna
 18642 | D:12     | Found Suxkuzxius's Food Emporium.
 18670 | D:12     | Bought a royal jelly for 22 gold pieces
 18776 | D:12     | Found a staircase to the Orcish Mines.
 19353 | Lair:1   | Entered Level 1 of the Lair of Beasts
 20090 | Lair:1   | Learned a level 3 spell: Tukima's Dance
 20181 | Lair:1   | Reached skill level 10 in Spellcasting
 20954 | Lair:2   | Reached XP level 13. HP: 43/71 MP: 17/27
 21079 | Lair:2   | Noticed Prince Ribbit
 21321 | Orc:1    | Entered Level 1 of the Orcish Mines
 21326 | Orc:1    | Found a roughly hewn altar of Beogh.
 22037 | Orc:1    | Reached skill level 1 in Invocations
 22527 | D:12     | Bought an uncursed ring of magical power for 320 gold pieces
 22654 | Orc:2    | Entered Level 2 of the Orcish Mines
 22807 | Orc:2    | Found a staircase to the Elven Halls.
 22995 | Orc:2    | Reached skill level 1 in Hexes
 22995 | Orc:2    | Reached skill level 14 in Earth Magic
 23141 | Orc:2    | Identified Sif Muna's Handbook of Ghastly Snow (Sif Muna gifted it to you on level 2 of the Orcish Mines)
 23141 | Orc:2    | Received a gift from Sif Muna
 23562 | Orc:2    | Found Iwux Neeg's Gadget Shop.
 23573 | Orc:2    | Noticed Nergalle
 23691 | Orc:2    | Found an ancient bone altar of Kikubaaqudgha.
 23702 | Orc:2    | Killed Nergalle
 23746 | Orc:2    | Found Pefarul's Antique Weapon Shop.
 24005 | Orc:2    | Paralysed by an orc sorcerer for 4 turns
 24100 | Orc:2    | Found a roughly hewn altar of Beogh.
 24108 | Orc:2    | Found a radiant altar of Vehumet.
 24149 | Orc:2    | Found Bairhe's Magic Scroll Shop.
 24198 | Orc:2    | Found Gayhuwot's Gadget Boutique.
 24663 | D:13     | Reached skill level 15 in Earth Magic
 25555 | D:13     | Noticed an ice dragon
 25561 | D:13     | Killed an ice dragon
 25561 | D:13     | Reached XP level 14. HP: 55/76 MP: 14/28
 26119 | D:13     | Identified Leexkaes's Tome of Torrid Execration (Sif Muna gifted it to you on level 13 of the Dungeon)
 26119 | D:13     | Received a gift from Sif Muna
 27077 | D:14     | Reached skill level 16 in Earth Magic
 28418 | D:11     | Found Vuulyczo's Food Emporium.
 28632 | Lair:2   | Killed Prince Ribbit
 30431 | Lair:3   | Found a staircase to the Swamp.
 30917 | Lair:3   | Identified Sif Muna's Compendium of Aid and Intoxication (Sif Muna gifted it to you on level 3 of the Lair of Beasts)
 30917 | Lair:3   | Received a gift from Sif Muna
 31734 | Lair:4   | Reached skill level 17 in Earth Magic
 31911 | Lair:4   | Found a staircase to the Snake Pit.
 33213 | Lair:5   | Reached skill level 5 in Invocations
 33304 | Lair:5   | Reached XP level 15. HP: 81/81 MP: 25/29
 34394 | Lair:6   | Entered Level 6 of the Lair of Beasts
 34499 | Lair:6   | Reached skill level 10 in Dodging
 34852 | Lair:6   | Reached skill level 5 in Hexes
 34878 | Lair:6   | Identified Ydiblace's Incunabulum of Evil Toxins (Sif Muna gifted it to you on level 6 of the Lair of Beasts)
 34878 | Lair:6   | Received a gift from Sif Muna
 35428 | Lair:6   | Found a staircase to the Slime Pits.
 35635 | Lair:6   | Reached skill level 18 in Earth Magic
 36514 | Lair:6   | Identified the Volume of Dislocated Toxins
 38542 | Lair:2   | Received a gift from Sif Muna
 38573 | Lair:2   | Learned a level 4 spell: Leda's Liquefaction
 38579 | Lair:2   | Learned a level 5 spell: Bolt of Magma
 38640 | Lair:1   | Upgraded the game from 0.20-a0-850-ge5a7832 to 0.20-a0-854-g0cc194a
 39577 | Swamp:1  | Entered Level 1 of the Swamp
 40792 | D:14     | Found a gate to the Vaults.
 40912 | D:14     | Reached XP level 16. HP: 86/86 MP: 30/30
 40913 | D:14     | Reached skill level 19 in Earth Magic
 41221 | D:15     | Entered Level 15 of the Dungeon
 41411 | D:14     | Learned a level 6 spell: Iron Shot
 42335 | D:15     | Identified Sif Muna's Reference Book on Displaced Hexes (Sif Muna gifted it to you on level 15 of the Dungeon)
 42335 | D:15     | Received a gift from Sif Muna
 42390 | D:15     | Learned a level 2 spell: Blink
 42472 | D:15     | Found a sacrificial altar of Ru.
 43292 | D:15     | Found a staircase to the Depths.
 43565 | D:15     | Reached skill level 1 in Fighting
 43783 | D:11     | Killed Alarkh's ghost
 44569 | Swamp:1  | Noticed Josephine
 44597 | Swamp:1  | Killed Josephine
 44872 | Swamp:1  | Reached skill level 1 in Translocations
 45060 | Swamp:1  | Noticed Donald
 45088 | Swamp:1  | HP: 1/90 [Donald/long sword (27)]
 45091 | Swamp:1  | Killed Donald
 45822 | Swamp:1  | Noticed Louise
 45843 | Swamp:1  | Killed Louise
 46388 | Swamp:2  | Reached XP level 17. HP: 53/97 MP: 33/33
 47151 | Swamp:2  | Reached skill level 20 in Earth Magic
 47498 | Swamp:2  | Identified Xetudue's Handbook of a Billion Beggars (Sif Muna gifted it to you on level 2 of the Swamp)
 47498 | Swamp:2  | Received a gift from Sif Muna
 49539 | Swamp:3  | Identified a scroll of acquirement
 50691 | Swamp:4  | Entered Level 4 of the Swamp
 51797 | Swamp:4  | HP: 5/101 [blink frog (18)]
 51803 | Swamp:4  | Mangled by a four-headed hydra

Vault maps used:
D:1:      saegor_arrival_under_anarchy, hangedman_abyss_or_decor_lesser_grid
D:2:      tso_oasis_becter, chequers_ecumenical_altar_island, uniq_robin
D:3:      kennysheep_cross_bottleneck, uniq_iyjb
D:4:      uniq_eustachio
D:5:      minmay_temple_entry_glass, first_bread, fedhas_altar_2, uniq_edmund,
          uniq_pikel, uniq_crazy_yiuf_cottage
D:6:      cheibrodos_thug_alley, uniq_menkaure
D:7:      cheibrodos_shockbox, bloody_trog, basic_altar
D:8:      minmay_tri_box, eat_drink_and_be_merry_uskayaw,
          grunt_lair_entry_orc_guard_hut, serial_shops,
          nicolae_shop_temple_entry_statues_fountains, hangedman_ranch
D:9:      kennysheep_mini, gammafunk_temple_overflow_statue
D:10:     basic_altar
D:11:     serial_shops, kennysheep_little_box, nicolae_shop_stone, shop,
          shop_fountains
D:12:     orc_0_dummy, serial_shops, nicolae_shop_stone, shop_statue,
          nicolae_shop_stone, lab_entry_generic, minmay_misc_feat_iff,
          eino_small_chamber_without_monster, minivault_16, laboratory
D:13:     serial_glass, glass_columns_c, glass_columns_b, glass_columns_c,
          glass_columns_b, glass_columns_a, glass_columns_a, item_on_display_a,
          feat_on_display, billiards_dpeg
D:14:     lightli_vaults_fourway_checkpoint, abandoned_shop, serial_undead,
          serial_undead_b, serial_undead_b, serial_undead_b, serial_undead_e
D:15:     gammafunk_enter_depths_forms, nicolae_ru_path_of_blood
Temple:   kb_temple_of_zot
Lair:2:   grunt_megastairs_5, uniq_prince_ribbit2
Lair:3:   minmay_swamp_entry_eels, zaba_anthole, roderic_carrion_pond,
          infiniplex_staircase_pool_2
Lair:4:   minmay_snake_entry_guardpost_medium
Lair:5:   lemuel_slime, grunt_megastairs_2
Lair:6:   hangedman_lair_in_review, guppyfry_lair_end_dragon,
          minmay_slime_entry_pillars, kennysheep_rathole
Swamp:1:  nicolae_swamp_orc_logging_accident, swamp_pool3,
          infiniplex_staircase_pool, uniq_josephine, uniq_donald, uniq_louise
Swamp:2:  evilmike_swamp_ruin_house_6
Swamp:3:  evilmike_swamp_ruin_house_4, swamp_pool5
Swamp:4:  swamp_alternative
Orc:1:    basic_altar, rock_pile
Orc:2:    kennysheep_orc_mage_school
Lab:      labyrinth_watery, labyrinth_skeletal_remains, nicolae_lab_statue,
          labyrinth_lava_lair, nicolae_lab_swirl

Skill      XL: |  1  2  3  4  5  6  7  8  9 10 11 12 13 14 15 16 17 |
---------------+----------------------------------------------------+-----
Stealth        | 3 4 5 6 7 |  7.5
Earth Magic    | 4 5 6 8 9 11 12 13 15 17 18 19 20 | 20.4
Spellcasting   | 3 4 5 7 8 9 10 12 | 12.4
Dodging        | 3 4 5 6 7 8 9 10 | 10.7
Short Blades   | 1 |  1.0
Evocations     | 1 2 |  2.1
Conjurations   | 1 3 5 6 7 9 |  9.0
Shields        | 1 3 4 |  4.8
Invocations    | 3 5 6 |  6.0
Hexes          | 3 4 5 |  5.8
Fighting       | 2 4 |  4.9
Translocations | 2 3 |  3.1
Throwing       | |  0.2
Unarmed Combat | |  0.8
Transmutations | |  1.2
Fire Magic     | |  0.2

Action                   |  1- 3 |  4- 6 |  7- 9 | 10-12 | 13-15 | 16-18 || total
-------------------------+-------+-------+-------+-------+-------+-------++-------
Melee: Unarmed           |    32 |    48 |       |       |       |       ||    80
       Constrict         |     8 |    24 |    13 |     6 |    26 |     3 ||    80
       Tentacles         |     5 |    12 |     9 |     8 |     9 |     1 ||    44
       Dagger            |       |    34 |    23 |       |       |       ||    57
       Mace              |       |       |    32 |     1 |       |       ||    33
       Staff             |       |       |       |    31 |    94 |     8 ||   133
Throw: Stone             |       |       |       |       |     3 |     4 ||     7
 Cast: Sandblast         |    36 |    77 |    83 |   139 |   147 |   164 ||   646
       Stone Arrow       |       |       |    14 |   218 |   621 |   265 ||  1118
       Lee's Rapid Decon |       |       |     2 |    28 |   151 |    47 ||   228
       Sticky Flame      |       |       |       |       |     5 |     2 ||     7
       Petrify           |       |       |       |       |     3 |     1 ||     4
       Passwall          |       |       |       |       |     2 |       ||     2
       Tukima's Dance    |       |       |       |       |     1 |     1 ||     2
       Iron Shot         |       |       |       |       |       |   123 ||   123
       Blink             |       |       |       |       |       |     1 ||     1
       Leda's Liquefacti |       |       |       |       |       |     1 ||     1
Evoke: Wand              |       |     2 |    10 |     5 |     7 |     3 ||    27
  Use: Scroll            |     3 |     1 |    12 |    11 |    11 |    12 ||    50
       Potion            |       |       |     7 |     4 |     4 |     1 ||    16
 Stab: Sleeping          |     2 |     7 |     2 |       |       |       ||    11
       Distracted        |       |     1 |     1 |       |     1 |     1 ||     4
  Eat: Chunk             |     3 |    12 |     4 |    24 |    41 |    20 ||   104
       Bread ration      |       |       |     2 |     1 |     6 |     4 ||    13
       Fruit             |       |       |       |     9 |     5 |     7 ||    21
       Royal jelly       |       |       |       |     3 |     6 |     7 ||    16
       Meat ration       |       |       |       |       |     1 |     4 ||     5
Armor: Skin              |     5 |    19 |    16 |    20 |    64 |    36 ||   160
Dodge: Dodged            |    24 |    80 |    93 |   135 |   462 |   307 ||  1101
Block: Buckler           |       |       |       |    35 |   128 |    77 ||   240
